 Dungeon Crawl Stone Soup version 0.26.1-11-gd32895ea62 (webtiles) character file.

Game seed: 520799856182312089

198 vvl the Insei (level 5, -2/38 HPs)
             Began as a Demonspawn Transmuter on June 3, 2021.
             Was an Initiate of Gozag.
             Killed by nerve-wracking pain
             ... invoked by an orc priest
              (12 damage)
             ... on level 3 of the Dungeon.
             The game lasted 00:07:40 (3240 turns).

vvl the Insei (Demonspawn Transmuter)               Turns: 3240, Time: 00:07:40

Health: -2/38      AC:  8    Str: 11    XL:     5   Next: 47%
Magic:  8/8        EV: 10    Int: 15    God:    Gozag
Gold:   266        SH:  7    Dex: 13    Spells: 8/9 levels left

rFire    . . .     SeeInvis .   g - +2 whip (venom)
rCold    . . .     Faith    .   p - +0 kite shield
rNeg     . . .     Spirit   .   s - +0 chain mail
rPois    .         Reflect  .   (no helmet)
rElec    .         Harm     .   (no cloak)
rCorr    .         Rampage  .   (no gloves)
Will     .....                  (no boots)
Stlth    ..........             (no amulet)
HPRegen  0.12/turn              f - +4 ring of evasion
MPRegen  0.11/turn              q - +4 ring of slaying

@: no status effects
A: talons 1, sturdy frame 2
a: Renounce Religion, Potion Petition, Call Merchant, Bribe Branch


You were on level 3 of the Dungeon.
You worshipped Gozag.
Gozag was aware of your devotion.
You visited 1 branch of the dungeon, and saw 3 of its levels.

You collected 296 gold pieces.
You paid 30 gold pieces to Gozag.

Inventory:

Hand Weapons
 g - a +2 whip of venom (weapon)
Armour
 h - a +0 ring mail
 p - a +0 kite shield (worn)
 s - a +0 chain mail (worn)
Jewellery
 f - a +4 ring of evasion (left hand)
 q - a +4 ring of slaying (right hand)
Scrolls
 b - a scroll of identify {unknown}
 d - a scroll of random uselessness {unknown}
 e - a scroll of enchant weapon {unknown}
 j - a scroll of fog {unknown}
 l - 2 scrolls of remove curse {unknown}
 m - a scroll of magic mapping {unknown}
 n - a scroll of noise {unknown}
 o - a scroll of immolation {unknown}
Potions
 a - a potion of mutation {unknown}
 c - a potion of haste {unknown}
 i - 2 potions of heal wounds {unknown}
 k - 3 potions of flight {unknown}
 r - a potion of curing {unknown}


   Skills:
 + Level 2.0 Fighting
 + Level 2.0 Armour
 + Level 2.3 Dodging
 + Level 0.4 Shields
 + Level 3.2 Unarmed Combat
 + Level 2.6 Spellcasting
 * Level 3.0 Transmutations


You had 8 spell levels left.
You knew the following spells:

 Your Spells              Type           Power        Failure   Level
a - Beastly Appendage     Tmut           22%          97%         1

Your spell library contained the following spells:

 Spells                   Type           Power        Failure   Level
 Wereblood                Tmut           11%          99%         2
 Spider Form              Tmut/Pois      3%           100%        3
 Ice Form                 Ice/Tmut       6%           100%        4
 Blade Hands              Tmut           5%           100%        5


Dungeon Overview and Level Annotations

Branches:
Dungeon (3/15)

Altars:
Gozag
Makhleb
Nemelex Xobeh
Ru
Xom
The Shining One


Innate Abilities, Weirdness & Mutations

You have sharp toenails.
Your movements are less encumbered by armour. (ER -4)


Message History

The orc hits you.
The orc becomes distracted by the nearby gold, dreaming of imaginary riches.
The orc shouts!
You hit the orc priest.
The orc priest is moderately wounded.
The orc priest hits you but does no damage.
You block the orc's attack.
You barely miss the orc priest.
The orc priest is heavily wounded.
The orc is no longer distracted by gold.
The orc priest mumbles some strange prayers to Beogh against you.
Pain shoots through your body!
* * * LOW HITPOINT WARNING * * *
You block the orc's attack. x2
You closely miss the orc priest. You claw the orc priest.
The orc priest is almost dead.
The orc priest invokes the aid of Beogh against you.
Pain shoots through your body!
You die...
Your body crumbles into a pile of gold.

## .. .# .# ##.##
##oo.####.#
#.@#.......
#.o..####.#
#!.........
#.$.#####.#
#.........
########..######.
###.........#
....#####..######.##
#..####............
$


You could see an orc priest (poisoned) and 2 orcs.

Vanquished Creatures
  2 orc priests
  Terence (D:2)
  An orc wizard (D:3)
  2 adders
  2 oozes (D:2)
  2 worms
  A dart slug (D:1)
  A leopard gecko (D:2)
  2 orcs (D:2)
  A ball python (D:1)
  2 giant cockroaches
  7 hobgoblins
  3 jackals (D:1)
  4 kobolds (D:1)
  5 bats
  4 frilled lizards (D:2)
  8 goblins
  11 rats
59 creatures vanquished.

Notes
Turn   | Place    | Note
-------+----------+-------------------------------------------
     0 | D:1      | vvl the Demonspawn Transmuter began the quest for the Orb.
     0 | D:1      | Reached XP level 1. HP: 15/15 MP: 3/3
   298 | D:1      | Gained mutation: Your movements are slightly less
                  | encumbered by armour. (ER -2) [demonic ancestry]
   298 | D:1      | Reached XP level 2. HP: 16/21 MP: 3/5
  1155 | D:1      | Reached skill level 1 in Armour
  1591 | D:2      | Gained mutation: You have sharp toenails. [demonic
                  | ancestry]
  1591 | D:2      | Reached XP level 3. HP: 26/26 MP: 6/6
  1692 | D:2      | Found a shimmering altar of Xom.
  1844 | D:2      | Found a sacrificial altar of Ru.
  1844 | D:2      | Found a burning altar of Makhleb.
  1851 | D:2      | Found a glowing golden altar of the Shining One.
  1858 | D:2      | Found a sparkling altar of Nemelex Xobeh.
  1859 | D:2      | Found an opulent altar of Gozag.
  1966 | D:2      | Became a worshipper of Gozag Ym Sagoz the Greedy
  2033 | D:2      | Noticed Terence
  2041 | D:2      | Killed Terence
  2042 | D:2      | Gained mutation: Your movements are less encumbered by
                  | armour. (ER -4) [demonic ancestry]
  2042 | D:2      | Reached XP level 4. HP: 32/32 MP: 7/7
  3151 | D:3      | Reached XP level 5. HP: 38/38 MP: 8/8
  3240 | D:3      | Killed from afar by an orc priest

Illustrated notes

Levels and vault maps discovered:
D:1:      dpeg_arrival_subterranean_lakeside_camping, layout_basic
D:2:      layout_basic, xom_teletrap_fun, chequers_temple_overflow_minitemple,
          dk_noncrumbling_2, minmay_crystal_room, eino_curves_01, uniq_terence
D:3:      layout_loops_ring

Skill      XL: |  1  2  3  4  5 |
---------------+----------------+-----
Transmutations | 2 3 |  3.0
Armour         | 1 2 |  2.0
Dodging        | 2 |  2.3
Unarmed Combat | 3 |  3.2
Fighting       | 2 |  2.0
Shields        | |  0.4
Spellcasting   | |  2.6

Action                   |  1- 3 |  4- 6 || total
-------------------------+-------+-------++-------
Melee: Unarmed           |    41 |       ||    41
       Kick              |    12 |    14 ||    26
       Whip              |    70 |    45 ||   115
       Headbutt          |     2 |       ||     2
 Cast: Beastly Appendage |     3 |       ||     3
 Stab: Sleeping          |     1 |       ||     1
Armor: Robe              |     4 |       ||     4
       Leather armour    |     4 |       ||     4
       Ring mail         |    16 |     5 ||    21
       Chain mail        |       |     3 ||     3
Dodge: Dodged            |    74 |    29 ||   103
Block: Kite shield       |       |     6 ||     6
